 Dungeon Crawl Stone Soup version 0.31-a0-675-g238779eb0a (webtiles) character file.

Game seed: 5667623926582972695

51 Xavori the Trooper (level 3, 0/27 HPs)
             Began as an Octopode Chaos Knight on Sept 6, 2023.
             Was a Plaything of Xom.
             Succumbed to Sigmund's poison
             ... on level 2 of the Dungeon.
             The game lasted 00:01:01 (6908 turns).

Xavori the Trooper (Octopode Chaos Knight)          Turns: 6908, Time: 00:01:01

Health: 0/27       AC:  3    Str: 11      XL:     3   Next: 81%
Magic:  3/3        EV: 13    Int: 13 (14) God:    Xom [*.....]
Gold:   106        SH:  0    Dex: 13      Spells: 2/2 levels left

rFire   . . .        a - +0 short sword (chaos)
rCold   . . .        (no shield)
rNeg    . . .        (helmet restricted)
rPois   .            (no amulet)
rElec   +            (no ring)
rCorr   .            (no ring)
SInv    .            (no ring)
Will    +....        (no ring)
Stlth   +++          (no ring)
HPRegen 0.24/turn    (no ring)
MPRegen 0.08/turn    (no ring)
                     (no ring)

%: no passive effects
@: lethally poisoned (0 -> -9), attractive
A: almost no armour, amphibious, 8 rings, camouflage 1, gelatinous body 1,
(nimble swimmer 1), tentacles, tentacle spike 1, iridescent scales 1,
strong-willed 1, mutation resistance 1, electricity resistance, subdued magic 1
a: Renounce Religion


You were on level 2 of the Dungeon.
You worshipped Xom.
You were a special plaything of Xom.
You visited 1 branch of the dungeon, and saw 2 of its levels.

You collected 106 gold pieces.

Inventory:

Hand Weapons
 a - a +0 short sword of chaos (weapon)
Scrolls
 b - a scroll of butterflies
 c - a scroll of poison {unknown}
 e - a scroll of vulnerability {unknown}
 f - a scroll of fog {unknown}
 g - a scroll of identify {unknown}
 i - a scroll of teleportation {unknown}
Potions
 h - a potion of cancellation {unknown}


   Skills:
 + Level 3.6 Fighting
 + Level 3.6 Short Blades
 + Level 2.6 Dodging
 + Level 1.4 Stealth


You had 2 spell levels left.
You didn't know any spells.
Your spell library contained the following spells:

 Spells                   Type           Power      Damage    Failure   Level
 Summon Small Mammal      Summ           0%         N/A       26%         1
 Call Canine Familiar     Summ           0%         N/A       63%         3
 Summon Guardian Golem    Hex/Summ       0%         N/A       63%         3


Dungeon Overview and Level Annotations

Branches:
Dungeon (2/15)

Altars:

Annotations:
D:2 Sigmund


Innate Abilities, Weirdness & Mutations

You cannot wear most types of armour.
You are amphibious.
You can wear up to eight rings at the same time.
Your skin changes colour to match your surroundings (Stealth+).
Your rubbery body absorbs attacks. (AC +1, EV +1)
((You are camouflaged when in or above water. (Stealth+)))
You have tentacles for arms and can constrict up to eight enemies at once.
One of your tentacles bears a spike.
You are partially covered in iridescent scales. (AC +2)
You are strong-willed. (Will+)
You are somewhat resistant to further mutation.
You are resistant to electric shocks. (rElec)
Your spells are a little easier to cast, but a little less powerful.


Message History

Sigmund is almost dead.
You constrict Sigmund. Sigmund casts a spell at you.
You are confused.
Unknown command.
You are too confused!
You are too confused!
Unknown command.
You release your grip on Sigmund.
Sigmund whispers, "You'll know eternity soon."
Sigmund hits you from afar with a +3 scythe of chaos.
Sigmund casts a spell at you. The puff of flame hits you.
Sigmund closely misses you.
Sigmund's magic is no longer disrupted.
Sigmund misses you.
You closely miss Sigmund.
Your tentacle spike misses Sigmund.
Sigmund is almost dead.
Sigmund hits you with a +3 scythe of chaos.
* * * LOW HITPOINT WARNING * * *
You are lethally poisoned!
You're too confused to move!
* * * LOW HITPOINT WARNING * * *
You emit a cloud of colourful smoke!
You feel very sick.
Unknown command.
You closely miss Sigmund.
Sigmund is almost dead.
You feel less confused.
* * * LOW HITPOINT WARNING * * *
You feel sick.
Sigmund mumbles some strange words.
Sigmund flickers and vanishes!
Deactivating autopickup; reactivate with Ctrl-A.
Unknown command.
It was a potion of attraction.
You feel attractive to monsters.
Xom thinks this is hilarious!
You die...
Xom snickers!

#.'..............#
#.#......#######.#
#.#......# #.#
#.####...# #.#
######'####...# #.# .
#.........#...# #.#
..# #.........#####
#.# ..# #......§..#
#.# ..### #....§@{..#
#.# ....# #.........#
#.# ....####
#....[....# #.#
.......# #.........#
#.#
....##.#########+####
#.# .###......# #.#
†.##......# #.#
#.##......# #.#
#.##......##### #.#


There were no monsters in sight!

Vanquished Creatures
  Natasha (D:2)
  An adder (D:2)
  3 bats
  2 endoplasms (D:1)
  A goblin (D:1)
  3 hobgoblins
  4 kobolds
  A ball python (D:1)
  A rat (D:1)
17 creatures vanquished.

Notes
Turn   | Place    | Note
-------+----------+-------------------------------------------
     0 | D:1      | Xavori the Octopode Chaos Knight began the quest for the
                  | Orb.
     0 | D:1      | Reached XP level 1. HP: 16/16 MP: 1/1
   103 | D:1      | XOM: potion effect (heal wounds)
   114 | D:1      | Reached XP level 2. HP: 11/21 MP: 2/2
   534 | D:1      | XOM: divination: detect creatures
   587 | D:1      | XOM: divination: detect creatures
   831 | D:1      | Found a faded altar of an unknown god.
   975 | D:2      | Noticed Natasha
   981 | D:2      | Killed Natasha
   982 | D:2      | Reached XP level 3. HP: 16/26 MP: 3/3
  1003 | D:2      | XOM is BORED!
  1003 | D:2      | XOM: noise
  1211 | D:1      | XOM: silly message
  1392 | D:1      | XOM: silly message
  2676 | D:1      | XOM is BORED!
  2676 | D:1      | XOM: give mutations
  2676 | D:1      | Gained mutation: You have hidden genetic potential. [Xom's
                  | mischief]
  2676 | D:1      | Gained mutation: Your spells are a little easier to cast,
                  | but a little less powerful. [Xom's mischief]
  2676 | D:1      | Gained mutation: You do not regenerate when monsters are
                  | visible. [Xom's mischief]
  2687 | D:1      | XOM: silly message
  3312 | D:1      | XOM: summons 2 hostile demons
  3330 | D:2      | XOM: noise
  3671 | D:1      | XOM: give mutations
  3671 | D:1      | Gained mutation: You have supernaturally acute eyesight.
                  | (SInv) [Xom's mischief]
  3671 | D:1      | Gained mutation: You are strong-willed. (Will+) [Xom's
                  | mischief]
  3959 | D:1      | XOM: summons 2 hostile demons
  5394 | D:1      | XOM: noise
  5693 | D:1      | XOM: summons 1 hostile demon
  5732 | D:2      | XOM: stat loss: -1 Int (13/14)
  6197 | D:1      | XOM: give mutations
  6197 | D:1      | Gained mutation: One of your tentacles bears a spike.
                  | [Xom's mischief]
  6197 | D:1      | Gained mutation: You are partially covered in iridescent
                  | scales. (AC +2) [Xom's mischief]
  6197 | D:1      | Gained mutation: You are resistant to electric shocks.
                  | (rElec) [Xom's mischief]
  6246 | D:1      | XOM: give mutations
  6246 | D:1      | Lost mutation: You have supernaturally acute eyesight.
                  | (SInv) [Xom's mischief]
  6246 | D:1      | Lost mutation: You do not regenerate when monsters are
                  | visible. [Xom's mischief]
  6246 | D:1      | Lost mutation: You have hidden genetic potential. [Xom's
                  | mischief]
  6246 | D:1      | Gained mutation: You are somewhat resistant to further
                  | mutation. [Xom's mischief]
  6525 | D:2      | Reached skill level 1 in Stealth
  6892 | D:2      | Noticed Sigmund
  6898 | D:2      | XOM: chaos upgrade
  6906 | D:2      | XOM: smoke on damage
  6907 | D:2      | HP: 1/27 [poisoned by Sigmund]
  6908 | D:2      | Succumbed to Sigmund's poison

Illustrated notes

Levels and vault maps discovered:
D:1:      nzn_arrival_depleted_hourglass, layout_loops_corners,
          shapermc_ecumenical_altar_mp_vishouse
D:2:      layout_basic, minmay_misc_feat_x, chequers_serial_rivers_large_b,
          uniq_sigmund, uniq_natasha

Skill      XL: |  1  2  3 |
---------------+----------+-----
Stealth        | 1 |  1.4
Fighting       | |  3.6
Short Blades   | |  3.6
Dodging        | |  2.6

Action                     || total
---------------------------++-------
  Melee: Short sword       ||    34
         Tentacles         ||    12
         Constrict         ||     8
         Kick              ||     4
         Punch             ||     1
    Use: Potion            ||     1
   Stab: Sleeping          ||     4
 Armour: Skin              ||    19
  Dodge: Dodged            ||    10

Table legend: (Time is in decaauts)
 A = Elapsed time spent in this place.
 B = Non-inter-level travel time spent in this place.
 C = Inter-level travel time spent in this place.
 D = Time resting spent in this place.
 E = Time spent auto-exploring this place.
 F = Levels seen in this place.
 G = Mean time per level.
                   A        B        C        D        E       F      G
               +--------+--------+--------+--------+--------+-----+--------+
         Total |   6906 |   6846 |     60 |   5428 |   1260 |   2 | 3453.0 |
       Dungeon |   6906 |   6846 |     60 |   5428 |   1260 |   2 | 3453.0 |
               +--------+--------+--------+--------+--------+-----+--------+

Top non-repeatable levels by time:
     D:1: 5528 daAuts
     D:2: 1378 daAuts
